 Dungeon Crawl Stone Soup version 0.14.0-12-g87ee3b7 (webtiles) character file.

125355 Kejsarherre the Pandemonic (level 16, -3/104 HPs)
             Began as a Gargoyle Warper on Apr 17, 2014.
             Was a High Priest of Makhleb.
             Slain by the 27-headed Lernaean hydra (8 damage)
             ... on Level 5 of the Swamp.
             The game lasted 02:12:08 (22964 turns).

Kejsarherre the Pandemonic (Gargoyle Warper)       Turns: 22964, Time: 02:12:08

HP  -3/104       AC 26     Str 23      XL: 16   Next: 56%
MP  34/34        EV 13     Int 12 (16) God: Makhleb [*****.]
Gold 1267        SH  0     Dex  9      Spells:  3 memorised, 16 levels left

rFire  . . .     SeeInvis .     d - +8,+10 halberd of Qomoawoach {freeze, rC+ Str+3}
rCold  + + +     Clarity  .     V - +0 troll leather armour
rNeg   + . .     Conserve +     (no shield)
rPois  +         rCorr    .     h - +0 helmet
rElec  +         rRot     +     y - +0 cloak {MR+}
SustAb . .       Spirit   .     z - +0 pair of gloves
rMut   .         Warding  .     (no boots)
Saprov . . .     Stasis   .     B - amulet of conservation
MR     ++...                    T - ring "Luel" {+Blink rC++ EV+2}
                                N - +6 ring of protection

@: about to teleport, very resistant to hostile enchantments, very unstealthy
A: able to fly continuously, large and strong wings, life protection 1,
electricity resistance, wild magic 1, unbreathing, petrification resistance, AC
+11
a: Fly, Minor Destruction, Lesser Servant of Makhleb, Major Destruction, Greater
Servant of Makhleb, Renounce Religion, Evoke Blink
}: 1/15 runes: decaying


You were on level 5 of the Swamp.
You worshipped Makhleb.
Makhleb was extremely pleased with you.
You were hungry.

You visited 4 branches of the dungeon, and saw 32 of its levels.
You also visited: Labyrinth and Volcano.

You collected 3054 gold pieces.
You spent 1787 gold pieces at shops.

Inventory:

Hand weapons
 d - the +8,+10 halberd of Qomoawoach (weapon) {freeze, rC+ Str+3}
   (You found it on level 7 of the Dungeon)

   It has been specially enchanted to freeze those struck by it, causing extra
   injury to most foes and up to double damage against particularly susceptible
   opponents.
   It can also slow down cold-blooded creatures.
   It affects your strength (+3).
   It protects you from cold.
Armour
 h - a +0 helmet (worn)
 y - a +0 cloak of magic resistance (worn)
 z - a +0 pair of gloves (worn)
 V - a +0 troll leather armour (worn)
Magical devices
 f - a wand of heal wounds (4)
 i - a wand of disintegration (8)
 o - a wand of slowing (7)
 p - a wand of cold (0)
 q - a wand of disintegration (3)
 v - a wand of cold (3)
 C - a wand of disintegration (7)
 W - a wand of digging (17)
 Y - a wand of teleportation (5)
Comestibles
 a - 2 pears
 c - a beef jerky
 g - 3 bread rations
 w - 2 meat rations
 L - a rotting chunk of water moccasin flesh
 Q - a choko
Scrolls
 j - 9 scrolls of identify
 k - 6 scrolls of remove curse
 t - 6 scrolls of fear
 A - a scroll of enchant armour
 F - 4 scrolls of teleportation
 G - 3 scrolls of fog
 J - a scroll of recharging
 O - 3 scrolls of magic mapping
Jewellery
 e - an uncursed ring of protection from fire
 n - an uncursed ring of wizardry
 B - an amulet of conservation (around neck)
 I - an uncursed ring of invisibility
 K - an uncursed amulet of faith
 M - a +0,+6 ring of slaying
 N - a +6 ring of protection (left hand)
 S - an uncursed amulet of resist corrosion
 T - the ring "Luel" (right hand) {+Blink rC++ EV+2}
   (You bought it in a shop on level 4 of the Orcish Mines)

   [ring of evasion]

   It affects your evasion (+2).
   It greatly protects you from cold.
   It lets you blink.
 U - an uncursed ring of protection from cold
Potions
 b - a potion of brilliance
 m - a potion of magic
 r - 2 potions of agility
 u - 4 potions of haste
 x - 2 potions of might
 D - a potion of berserk rage
 E - 16 potions of curing
 P - 2 potions of invisibility
 Z - a potion of porridge
Books
 s - a book of Debilitation

   Spells                             Type                      Level
   Corona                             Hexes                        1
   Slow                               Hexes                        2
   Inner Flame                        Hexes/Fire                   3
   Enslavement                        Hexes                        4
   Cause Fear                         Hexes                        4
   Leda's Liquefaction                Hexes/Earth                  4
 H - a book of Dreams

   Spells                             Type                      Level
   Ensorcelled Hibernation            Hexes/Ice                    2
   Flight                             Charms/Air                   3
   Phase Shift                        Translocation                5
   Shadow Creatures                   Summoning                    5
   Mass Confusion                     Hexes                        6
   Darkness                           Hexes                        7
Miscellaneous
 l - a lamp of fire


   Skills:
 - Level 13.2 Fighting
   Level 8.2 Axes
   Level 10.0 Maces & Flails
 - Level 14.1 Polearms
 - Level 1.0 Throwing
 - Level 6.2 Armour
 - Level 1.5 Dodging
 - Level 0.2 Unarmed Combat
 - Level 3.4 Spellcasting
 * Level 4.6 Charms
 - Level 4.0 Translocations
 + Level 17.9 Invocations


You had 16 spell levels left.
You knew the following spells:

 Your Spells              Type           Power        Failure   Level  Hunger
a - Apportation           Tloc           ###.......   13%         1    #......
b - Blink                 Tloc           N/A          19%         2    ##.....
c - Shroud of Golubria    Chrm/Tloc      ###.......   16%         2    ##.....


Dungeon Overview and Level Annotations

Branches:
Dungeon (15/15)               Orc (4/4) D:12            Elf (0/3) Orc:4
   Lair (8/8) D:11          Swamp (5/5) Lair:4       Spider (0/5) Lair:6
  Slime (0/6) Lair:7       Vaults (0/5) D:13         Depths (0/5) D:15
 Temple: D:4-7

Altars:
Elyvilon
Makhleb
Trog
Vehumet
Xom
Yredelemnul
Zin
Beogh
Jiyva

Shops:
Orc:2 %*!   Orc:4 =%==%

Annotations:
D:11 Harold
Swamp:2 exclusion: Roxanne, Roxanne
Swamp:5 Lernaean hydra


Innate Abilities, Weirdness & Mutations

You are resistant to torment.
You are immune to poison.
You are immune to rotting.
You can fly continuously.
Your stone body is very resilient (AC +11).
Your wings are large and strong.
You resist negative energy.
You are resistant to electric shocks.
You can survive without breathing.
You are immune to petrification.
Your spells are a little harder to cast, but a little more powerful.


Message History

The 27-headed Lernaean hydra completely misses you.
The 27-headed Lernaean hydra bites you but does no damage. x3
The 27-headed Lernaean hydra bites you! The 27-headed Lernaean hydra bites you.
The 27-headed Lernaean hydra barely misses you.
The 27-headed Lernaean hydra bites you but does no damage.
The 27-headed Lernaean hydra bites you! x3
The 27-headed Lernaean hydra bites you but does no damage.
The 27-headed Lernaean hydra bites you.
The 27-headed Lernaean hydra bites you but does no damage. x3
The 27-headed Lernaean hydra bites you!
* * * LOW HITPOINT WARNING * * *
The 27-headed Lernaean hydra bites you.
* * * LOW HITPOINT WARNING * * *
The 27-headed Lernaean hydra bites you but does no damage. x2
The 27-headed Lernaean hydra bites you!
* * * LOW HITPOINT WARNING * * *
The 27-headed Lernaean hydra bites you but does no damage.
The 27-headed Lernaean hydra completely misses you.
The 27-headed Lernaean hydra bites you!
You die...

♣≈..8.(.8≈.≈..(.(.8.#
♣...≈...≈.....P.§...'
♣.#.≈...≈f.⌠..P.≈..≈#
♣≈.≈.≈.≈...f..≈.....
♣≈#≈8.(P8..§..(.8≈8.
♣≈n......8...(...≈≈≈
♣≈#.##'#..≈.f..#+####
♣##f..§..(..≈8.D....##
♣#...f...≈....%#@....#
♣...≈≈...8().(.#.....#
♣#...≈..≈..≈!..#.....#
♣...≈≈###....####..[##
♣.#.#..≈≈≈...≈≈≈#####
............♣♣♣♣♣
♣♣♣♣♣♣♣♣♣♣♣♣♣


You could see the 27-headed Lernaean hydra.

Vanquished Creatures
  Rupert (Lair:7)
  Kirke (Swamp:1)
  Louise (Swamp:2)
  A minotaur (Lab)
  A yaktaur captain (D:15)
  A blizzard demon (Orc:4)
  An ice dragon (D:13)
  3 shambling mangroves
  3 hydras
  6 death yaks (Lair:8)
  2 tengu warriors (D:15)
  6 alligators
  A wizard (D:15)
  The ghost of pulla180 the Basher, an experienced VSBe of Trog (D:10)
  3 centaur warriors
  6 swamp dragons
  6 hill giants
  Pikel (D:4)
  6 orc knights
  Joseph (Orc:4)
  A manticore (D:14)
  A statue (Volcano)
  2 orc sorcerers
  5 cyclopes
  3 red wasps
  5 black mambas
  A molten gargoyle (Volcano)
  A kobold demonologist (D:13)
  2 gargoyles
  A redback zombie (D:13)
  21 spiny frogs
  A yaktaur (D:15)
  6 komodo dragons
  3 fire vortices (Volcano)
  A queen bee (shapeshifter) (D:14)
  6 trolls
  7 giant leeches
  A wind drake (shapeshifter) (D:13)
  25 blink frogs
  2 giant fireflies (Swamp:1)
  10 ravens
  10 bog bodies (Swamp:5)
  12 slime creatures
  A fire dragon zombie (D:15)
  An ice dragon zombie (D:13)
  7 baby alligators
  A trapdoor spider zombie (D:14)
  2 shadows
  4 basilisks
  4 redbacks (Lair:8)
  6 sharks
  A vampire (D:15)
  3 thorn lotuses
  A griffon skeleton (D:12)
  12 ugly things
  A wraith (D:12)
  2 spriggans (Swamp:1)
  An elephant slug (Lair:2)
  A hill giant zombie (D:7)
  4 hogs (Lair:4)
  9 yaks
  Eustachio (D:4)
  A tarantella (Lair:8)
  4 deep elf magi
  7 wyverns
  8 hippogriffs
  A steam dragon (Lair:8)
  A hill giant skeleton (D:10)
  3 fire bats (Volcano)
  A tengu zombie (D:14)
  9 wolves
  13 vampire mosquitoes
  3 wargs
  A necrophage (D:7)
  2 soldier ants
  20 water moccasins
  17 swamp worms
  A hungry ghost (D:13)
  An orange crystal statue (Swamp:3)
  12 swamp drakes
  6 porcupines
  Purgy (D:3)
  2 sky beasts
  4 ice beasts
  9 ogres
  37 orc warriors
  A black bear (Lair:1)
  30 centaurs
  7 giant goldfish
  2 phantoms
  2 slaves
  3 yellow wasps
  2 boring beetles
  Sigmund (D:3)
  2 big kobolds (D:12)
  4 lava worms (Volcano)
  8 giant slugs
  30 giant frogs
  A yaktaur zombie (D:15)
  2 brain worms
  6 crocodiles
  7 scorpions
  4 insubstantial wisps (Swamp:5)
  A cyclops skeleton (D:12)
  2 eyes of draining
  10 electric eels
  A goliath beetle (D:9)
  4 wights (D:10)
  4 killer bees (D:13)
  A black bear zombie (D:6)
  6 crimson imps
  4 big fish
  2 jellies
  4 lava snakes (Volcano)
  A centaur zombie (Orc:4)
  2 quasits (D:4)
  11 iguanas
  A black bear skeleton (D:10)
  4 hounds
  19 orc priests
  13 worker ants
  24 orc wizards
  11 sheep
  A big kobold zombie (D:4)
  Jessica (D:2)
  2 ogre skeletons
  A hound skeleton (D:6)
  A mummy (D:12)
  17 adders
  3 gnolls (D:11)
  22 green rats
  2 shadow imps
  2 giant mites
  5 worms
  An ufetubus (D:4)
  An orc skeleton (D:7)
  2 giant eyeballs
  4 giant geckos
  160 orcs
  14 bats
  A bat skeleton (D:3)
  5 giant cockroaches
  12 goblins
  15 hobgoblins
  30 jackals
  14 kobolds
  14 quokkas
  2 ball pythons
  A giant gecko zombie (D:5)
  2 giant newts
  2 giant spores
  2 orc zombies
  14 rats
  A rat skeleton (D:8)
  2 ballistomycetes (D:13)
  2 fungi
  A plant (D:11)
1001 creatures vanquished.

Vanquished Creatures (collateral kills)
  An Executioner (Lair:6)
  A thorn hunter (Swamp:5)
  Fannar (Orc:4)
  10 hydras
  A spriggan druid (Swamp:3)
  An unseen horror (D:15)
  3 swamp dragons
  A cyclops (D:13)
  A red wasp (Swamp:3)
  2 spiny frogs (Swamp:3)
  A komodo dragon (Swamp:3)
  A bog body (Swamp:3)
  2 ravens (Swamp:3)
  11 slime creatures
  A thorn lotus (Swamp:3)
  A tarantella (Lair:6)
  A wyvern (D:15)
  2 shadows
  6 swamp worms
  3 wolves (Lair:6)
  A water moccasin (Swamp:5)
  4 swamp drakes (Swamp:5)
  8 orc warriors
  2 centaurs (Orc:4)
  A crocodile (Lair:7)
  A giant frog (Swamp:5)
  A giant slug (Lair:7)
  A cyclops zombie (D:15)
  An adder (Lair:7)
  5 green rats (Lair:7)
  3 orcs
79 creatures vanquished.

Vanquished Creatures (others)
  An Executioner (Swamp:5)
  2 cacodemons (Swamp:5)
  A balrug (Swamp:5)
  2 blizzard demons (Swamp:2)
  4 green deaths
  An unseen horror (D:12)
  An orange demon (D:11)
  A hellwing (D:11)
  A freezing wraith (D:13)
  A slime creature (D:12)
  A blink frog (Lair:8)
  A ynoxinul (D:11)
  A human (Swamp:1)
  A neqoxec (D:11)
  A swamp worm (Swamp:5)
  An ice beast (Orc:4)
  A swamp drake (Swamp:5)
  A sky beast (D:12)
  A kobold (D:12)
  A briar patch (Swamp:5)
  2 fungi (Swamp:5)
  6 plants
33 creatures vanquished.

Grand Total: 1113 creatures vanquished

Notes
Turn   | Place    | Note
--------------------------------------------------------------
     0 | D:1      | Kejsarherre, the Gargoyle Warper, began the quest for the Orb.
     0 | D:1      | Reached XP level 1. HP: 12/12 MP: 3/3
   139 | D:1      | Reached skill level 1 in Axes
   178 | D:1      | Reached XP level 2. HP: 5/17 MP: 4/4
   933 | D:1      | Reached XP level 3. HP: 18/21 MP: 6/6
  1007 | D:2      | Noticed Jessica
  1031 | D:2      | Killed Jessica
  1031 | D:2      | Reached skill level 3 in Axes
  1262 | D:2      | Found a basalt altar of Yredelemnul.
  1263 | D:2      | Noticed a profane servitor
  1337 | D:2      | Learned a level 2 spell: Blink
  1430 | D:3      | Reached XP level 4. HP: 24/26 MP: 7/7
  1654 | D:3      | Noticed Sigmund
  1853 | D:4      | Reached skill level 4 in Axes
  1854 | D:4      | Reached XP level 5. HP: 30/30 MP: 3/9
  2096 | D:4      | Noticed an ogre
  2119 | D:5      | Entered Level 5 of the Dungeon
  2163 | D:4      | Reached skill level 5 in Axes
  2170 | D:4      | Noticed a slave
  2171 | D:4      | Noticed Pikel
  2171 | D:4      | Noticed a slave
  2180 | D:4      | Noticed a slave
  2230 | D:5      | Killed a slave
  2349 | D:3      | Killed Sigmund
  2349 | D:3      | Reached XP level 6. HP: 18/35 MP: 5/10
  2597 | D:3      | Noticed Purgy
  2636 | D:3      | Killed Purgy
  2636 | D:3      | Reached skill level 6 in Axes
  2865 | D:4      | Killed a slave
  2935 | D:4      | Killed Pikel
  2935 | D:4      | Reached skill level 8 in Axes
  2935 | D:4      | Reached XP level 7. HP: 30/40 MP: 12/12
  2935 | D:4      | Reached XP level 8. HP: 33/44 MP: 13/13
  2944 | D:4      | Noticed Eustachio
  3005 | D:4      | Killed Eustachio
  3005 | D:4      | Reached skill level 5 in Maces & Flails
  3287 | D:5      | Noticed a phantom
  3355 | D:5      | Killed a phantom
  3395 | D:5      | Found a burning altar of Makhleb.
  3401 | D:5      | Found a glowing silver altar of Zin.
  3401 | D:5      | Noticed an angel
  3402 | D:5      | Noticed an Executioner
  3404 | D:5      | Became a worshipper of Makhleb the Destroyer
  3481 | D:5      | Noticed a centaur
  3492 | D:5      | Killed a centaur
  3653 | D:6      | Reached skill level 9 in Maces & Flails
  3653 | D:6      | Reached XP level 9. HP: 32/48 MP: 14/14
  3719 | D:6      | Found a white marble altar of Elyvilon.
  3985 | D:6      | Acquired Makhleb's first power
  4548 | D:6      | Found a bloodstained altar of Trog.
  4620 | D:7      | Reached skill level 5 in Armour
  4901 | D:7      | Reached skill level 10 in Maces & Flails
  4904 | D:7      | Got a pitted halberd
  5029 | D:7      | Identified the +8,+10 halberd of Qomoawoach {freeze, rC+ Str+3} (You found it on level 7 of the Dungeon)
  5297 | D:7      | Acquired Makhleb's second power
  5297 | D:7      | Reached skill level 1 in Polearms
  5803 | D:8      | Reached XP level 10. HP: 54/56 MP: 16/16
  5815 | D:9      | Reached skill level 5 in Polearms
  5948 | D:9      | Paralysed by a giant eyeball for 4 turns
  6397 | D:10     | Entered Level 10 of the Dungeon
  6406 | D:10     | Noticed a hill giant
  6422 | D:10     | Killed a hill giant
  6623 | D:10     | Noticed pulla180's ghost (experienced VSBe)
  6657 | D:10     | Killed pulla180's ghost
  6688 | D:10     | Paralysed by a giant eyeball for 2 turns
  6760 | D:10     | Reached skill level 10 in Polearms
  6771 | D:10     | Acquired Makhleb's third power
  6912 | D:10     | Reached XP level 11. HP: 60/60 MP: 17/17
  7120 | D:10     | Reached skill level 11 in Polearms
  7382 | D:11     | Noticed an eight-headed hydra
  7436 | D:12     | Killed an unseen horror
  7444 | D:12     | Reached skill level 1 in Invocations
  7474 | D:12     | Noticed a hill giant
  7700 | D:11     | Found a staircase to the Lair.
  8030 | D:11     | Acquired Makhleb's fourth power
  8127 | D:11     | Noticed Harold
  8503 | D:12     | Reached skill level 5 in Invocations
  8560 | D:12     | Killed a hill giant
  8579 | D:12     | Found a staircase to the Orcish Mines.
  8761 | D:12     | Found a shimmering altar of Xom.
  8933 | D:12     | Acquired Makhleb's fifth power
  9090 | D:13     | Reached skill level 5 in Fighting
  9102 | D:13     | Noticed an ice dragon
  9120 | D:13     | Killed an ice dragon
  9120 | D:13     | Reached XP level 12. HP: 69/69 MP: 23/24
  9176 | D:13     | Found a gate to the Vaults.
  9252 | D:13     | Noticed a centaur warrior
  9266 | D:13     | Killed a centaur warrior
  9501 | D:13     | Noticed a hill giant
  9502 | D:13     | Noticed a centaur warrior
  9521 | D:13     | Killed a centaur warrior
  9593 | D:13     | Killed a hill giant
  9593 | D:13     | Reached skill level 10 in Invocations
  9929 | D:14     | Gained mutation: Your spells are a little harder to cast, but a little more powerful. [potion of beneficial mutation]
 10290 | D:14     | Reached XP level 13. HP: 80/80 MP: 28/28
 10457 | D:14     | Reached skill level 10 in Fighting
 10831 | D:14     | Got a smoking glaive
 10832 | D:14     | Identified the cursed +2,+1 glaive of Desertification {chop, rElec rN+} (You found it on level 14 of the Dungeon)
 10884 | D:15     | Entered Level 15 of the Dungeon
 10941 | D:15     | Reached skill level 12 in Invocations
 11225 | D:15     | Got a distressingly furry leather armour
 11234 | D:15     | Identified the +0 leather armour of Grace {MR+ SInv} (You found it on level 15 of the Dungeon)
 11365 | D:15     | Found a staircase to the Depths.
 11819 | Orc:1    | Entered Level 1 of the Orcish Mines
 11942 | Orc:2    | Found Entat's General Store.
 12011 | Orc:2    | Found Mipaby's Distillery.
 12063 | Orc:2    | Bought a potion of brilliance for 35 gold pieces
 12159 | Orc:2    | Found Chuat's Food Emporium.
 12215 | Orc:2    | Bought a potion of heal wounds for 42 gold pieces
 12215 | Orc:2    | Bought a potion of curing for 28 gold pieces
 12215 | Orc:2    | Bought a potion of heal wounds for 42 gold pieces
 12215 | Orc:2    | Bought a potion of curing for 28 gold pieces
 12215 | Orc:2    | Bought a potion of curing for 28 gold pieces
 12215 | Orc:2    | Bought a potion of heal wounds for 42 gold pieces
 12215 | Orc:2    | Bought a potion of curing for 28 gold pieces
 12667 | Orc:3    | Found a roughly hewn altar of Beogh.
 13157 | Orc:4    | Entered Level 4 of the Orcish Mines
 13157 | Orc:4    | Found Masuhas' Jewellery Shop.
 13209 | Orc:4    | Bought an uncursed amulet of resist corrosion for 260 gold pieces
 13209 | Orc:4    | Bought the ring "Luel" {+Blink rC++ EV+2} for 539 gold pieces
 13258 | Orc:4    | Found a staircase to the Elven Halls.
 13471 | Orc:4    | Noticed Fannar
 13476 | Orc:4    | Noticed a blizzard demon
 13485 | Orc:4    | Killed a blizzard demon
 13492 | Orc:4    | Gained mutation: Your wings are large and strong. [gargoyle growth]
 13492 | Orc:4    | Reached XP level 14. HP: 40/92 MP: 29/29
 13498 | Orc:4    | Killed Fannar
 13852 | Orc:4    | Found Emaxylal's Jewellery Shop.
 13852 | Orc:4    | Found Crawyi's Jewellery Shoppe.
 13855 | Orc:4    | Found Huodouk's Food Emporium.
 13857 | Orc:4    | Found Ysiung's Food Boutique.
 13864 | Orc:4    | Noticed Joseph
 14058 | Orc:4    | Killed Joseph
 14200 | Orc:4    | Bought an uncursed ring of protection from fire for 325 gold pieces
 14200 | Orc:4    | Bought an uncursed ring of wizardry for 390 gold pieces
 14466 | Lair:1   | Entered Level 1 of the Lair of Beasts
 14993 | Lair:2   | Reached skill level 13 in Polearms
 15588 | Lair:3   | Found a labyrinth entrance.
 15621 | Lab      | Entered a labyrinth
 16087 | Lair:3   | Identified a +5 rod of shadows (11/11) (You found it in a labyrinth)
 16898 | Lair:4   | Learned a level 2 spell: Shroud of Golubria
 17114 | Lair:4   | Found a staircase to the Swamp.
 17470 | Lair:5   | Reached skill level 1 in Charms
 18207 | Lair:6   | Found a dark tunnel.
 18216 | Volcano  | Entered a volcano
 18307 | Volcano  | Found a burning altar of Makhleb.
 18441 | Lair:6   | Noticed an Executioner
 18447 | Lair:6   | Killed an Executioner
 18582 | Lair:6   | Found a hole to the Spider Nest.
 18698 | Lair:7   | Found a staircase to the Slime Pits.
 18709 | Lair:7   | Found a radiant altar of Vehumet.
 18864 | Lair:7   | Noticed Rupert
 18906 | Lair:7   | Killed Rupert
 18906 | Lair:7   | Reached skill level 14 in Polearms
 19006 | Lair:7   | Found a viscous altar of Jiyva.
 19321 | Lair:8   | Entered Level 8 of the Lair of Beasts
 19347 | Lair:8   | Reached XP level 15. HP: 99/99 MP: 30/30
 20441 | Swamp:1  | Entered Level 1 of the Swamp
 20476 | Swamp:1  | Noticed Kirke
 20561 | Swamp:1  | Killed Kirke
 20681 | Swamp:1  | Reached skill level 15 in Invocations
 21080 | Swamp:2  | Noticed Roxanne
 21148 | Swamp:2  | Noticed Louise
 21163 | Swamp:2  | Killed Louise
 21561 | Swamp:2  | Reached skill level 16 in Invocations
 21741 | Swamp:3  | Reached XP level 16. HP: 104/104 MP: 33/33
 22319 | Swamp:4  | Reached skill level 17 in Invocations
 22342 | Swamp:5  | Entered Level 5 of the Swamp
 22498 | Swamp:5  | Noticed a thorn hunter
 22554 | Swamp:5  | Killed a thorn hunter
 22936 | Swamp:5  | Noticed the 27-headed Lernaean hydra
 22944 | Swamp:5  | Got a decaying rune of Zot
 22964 | Swamp:5  | HP: 5/104 [the 27-headed Lernaean hydra (11)]
 22964 | Swamp:5  | Slain by the 27-headed Lernaean hydra

Action                   |  1- 3 |  4- 6 |  7- 9 | 10-12 | 13-15 | 16-18 || total
-------------------------+-------+-------+-------+-------+-------+-------++-------
Melee: Hand axe          |   153 |   337 |    10 |       |       |       ||   500
       Whip              |       |       |   294 |     2 |       |       ||   296
       Flail             |       |       |    51 |    25 |       |       ||    76
       Halberd           |       |       |    70 |   624 |  1733 |   315 ||  2742
       Unarmed           |       |       |       |       |    10 |       ||    10
 Fire: Blowgun           |       |       |     7 |     9 |       |       ||    16
Throw: Dart              |       |     4 |     1 |       |       |       ||     5
 Cast: Blink             |       |       |       |     8 |       |       ||     8
Invok: Minor Destruction |       |       |       |    20 |    12 |     1 ||    33
       Lesser Servant of |       |       |       |     4 |       |       ||     4
       Major Destruction |       |       |       |     3 |    16 |       ||    19
       Greater Servant o |       |       |       |     1 |    12 |     6 ||    19
 Abil: Fly               |       |       |       |       |     1 |     1 ||     2
       Evoke Blink       |       |       |       |       |       |     1 ||     1
Evoke: Wand              |       |       |       |    11 |    18 |    13 ||    42
       Rod               |       |       |       |       |     2 |       ||     2
  Use: Potion            |     1 |     5 |       |     9 |     5 |     5 ||    25
       Scroll            |       |       |     8 |    10 |    17 |    10 ||    45
 Stab: Invisible         |       |       |       |     2 |       |       ||     2
       Distracted        |       |       |       |       |     2 |     1 ||     3
